 Dungeon Crawl Stone Soup version 0.29.1-1-gd02db6906a (webtiles) character file.

Game seed: 18136226182526047686

1297 tardwrangler69 the Digger (level 8, -1/45 (46) HPs)
             Began as an Octopode Earth Elementalist on Oct 4, 2022.
             Slain by a wight
             ... wielding a +0 halberd of freezing
              (10 damage)
             ... on level 6 of the Dungeon.
             The game lasted 00:06:13 (6135 turns).

tardwrangler69 the Digger (OpEE)                    Turns: 6135, Time: 00:06:14

HP:   -1/45 (46)    AC:  5    Str:  7    XL:     8   Next: 56%
MP:   18/18         EV: 13    Int: 19    God:
Gold: 235           SH:  0    Dex: 13    Spells: 19/20 levels left

rFire   . . .      SeeInvis .   t - +12 war axe of Ru's Generosity {freeze, rF+}
rCold   + . .      Faith    .   (no shield)
rNeg    . . .      Spirit   .   (helmet restricted)
rPois   .          Reflect  .   v - amulet of magic regeneration
rElec   .          Harm     .   r - +4 ring of protection
rCorr   .          Rampage  .   m - ring of ice
Will    .....                   (no ring)
Stlth   +++.......              (no ring)
HPRegen 0.15/turn               (no ring)
MPRegen 0.56/turn               (no ring)
                                (no ring)
                                (no ring)

@: lightly drained
A: almost no armour, amphibious, 8 rings, camouflage 1, gelatinous body 1,
(nimble swimmer 1), tentacles
a: no special abilities


You were on level 6 of the Dungeon.
You visited 1 branch of the dungeon, and saw 6 of its levels.

You collected 235 gold pieces.

Inventory:

Hand Weapons
 t - the +12 war axe of Ru's Generosity (weapon) {freeze, rF+}
   (You found it on level 3 of the Dungeon)

   It freezes those it strikes, dealing additional cold damage.
   It can also slow down cold-blooded creatures.
   rF:        It protects you from fire.
Jewellery
 m - a ring of ice (right tentacle)
 r - a +4 ring of protection (left tentacle)
 v - an amulet of magic regeneration (around mantle)
Scrolls
 c - a scroll of amnesia {unknown}
 d - 2 scrolls of poison {unknown}
 k - 5 scrolls of identify {unknown}
 n - a scroll of silence {unknown}
 p - 5 scrolls of teleportation {unknown}
 u - a scroll of enchant weapon {unknown}
 w - a scroll of magic mapping {unknown}
 x - a scroll of immolation {unknown}
 y - a scroll of blinking {unknown}
 z - a scroll of vulnerability {unknown}
 A - a scroll of noise {unknown}
Potions
 a - a potion of magic
 b - 3 potions of resistance {unknown}
 e - 2 potions of berserk rage {unknown}
 f - a potion of invisibility {unknown}
 g - 2 potions of curing
 h - 3 potions of brilliance {unknown}
 i - 2 potions of cancellation {unknown}
 j - a potion of degeneration {unknown}
 l - a potion of heal wounds {unknown}
 o - a potion of lignification {unknown}
 q - a potion of might {unknown}
 s - 3 potions of mutation {unknown}


   Skills:
 - Level 2.0 Dodging
 - Level 2.6 Stealth
 + Level 6.8 Spellcasting
 - Level 1.0 Transmutations
 + Level 7.8 Earth Magic


You had 19 spell levels left.
You knew the following spells:

 Your Spells              Type           Power      Damage    Failure   Level
a - Sandblast             Erth           72%        2d16      1%          1

Your spell library contained the following spells:

 Spells                   Type           Power      Damage    Failure   Level
 Passwall                 Tmut/Erth      19%        N/A       2%          2
 Stone Arrow              Conj/Erth      42%        3d9       6%          3
 Necrotise                Necr           24%        1d5       11%         1
 Poisonous Vapours        Pois/Air       12%        N/A       16%         2
 Petrify                  Tmut/Erth      23%        N/A       17%         4
 Vampiric Draining        Necr           6%         2d6       30%         3
 Cause Fear               Hex            3%         N/A       71%         4
 Corpse Rot               Necr/Pois/Air  6%         N/A       71%         4
 Agony                    Necr           6%         N/A       96%         5
 Dragon Form              Tmut           5%         N/A       100%        7
 Dragon's Call            Summ           3%         N/A       100%        9


Dungeon Overview and Level Annotations

Branches:
Dungeon (6/15)             Temple (0/1) D:5

Altars:
Hepliaklqana
Trog
Uskayaw

Annotations:
D:6 2 runed translucent doors


Innate Abilities, Weirdness & Mutations

You cannot wear most types of armour.
You are amphibious.
You can wear up to eight rings at the same time.
Your skin changes colour to match your surroundings (Stealth+).
Your rubbery body absorbs attacks. (AC +1, EV +1)
((You are camouflaged when in or above water. (Stealth+)))
You have tentacles for arms and can constrict up to eight enemies at once.


Message History

The wight hits you from afar with a +0 halberd!
You feel drained.
Casting: Sandblast (safe; 1% risk of failure)
Confirm with . or Enter, or press ? or * to list all spells.
Aiming: Sandblast (safe; 1% risk of failure)
Press: ? - help, Shift-Dir - straight line, f/p - wight
Aim: a wight, wielding a +0 halberd and wearing a +0 robe (severely damaged, 84% to hit)
The blast of sand hits the wight.
The wight is moderately damaged.
The wight hits you from afar with a +0 halberd.
Casting: Sandblast (safe; 1% risk of failure)
Confirm with . or Enter, or press ? or * to list all spells.
Aiming: Sandblast (safe; 1% risk of failure)
Press: ? - help, Shift-Dir - straight line, f/p - wight
Aim: a wight, wielding a +0 halberd and wearing a +0 robe (severely damaged, 84% to hit)
The blast of sand hits the wight.
The wight is almost destroyed.
The wight closely misses you. The wight barely misses you.
The wight misses you.
The wight hits you from afar with a +0 halberd of freezing.
The wight freezes you. The wight closely misses you.
The wight hits you with a +0 war axe.
You feel drained.
Casting: Sandblast (safe; 1% risk of failure)
Confirm with . or Enter, or press ? or * to list all spells.
Aiming: Sandblast (safe; 1% risk of failure)
Press: ? - help, Shift-Dir - straight line, f/p - wight
Aim: a wight, wielding a +0 halberd and wearing a +0 robe (almost destroyed, 84% to hit)
The blast of sand hits the wight!
You destroy the wight!
The wight hits you with a +0 war axe!
* * * LOW HITPOINT WARNING * * *
The wight barely misses you.
You feel better. The wight closely misses you. The wight completely misses you.
The wight hits you with a +0 war axe!
* * * LOW HITPOINT WARNING * * *
The wight closely misses you. The wight attacks as you move away!
The wight hits you but does no damage. The wight closely misses you.
The wight hits you from afar with a +0 halberd of freezing!
You die...

##............ #.#.
#............. #.#.
##.#+##+###............ #.##
#...............##......# #.#
#.............####......# #.#
#........[.......+......+...##.##
#................#......##..##...
#............#.#.#......##..#####
#............#.#@#......##..# #
.............#.#z)z.....##..#####
..)..........#.##.########..##...
.............#.##........#..##...
.#'#######'#.#.#########.#..##...
.#.#.. #.#.#.# #......... ##.#.#
#.#.# ###...#### ...#.# #.#.#
#...# # ####.# ..#.# #.<.# #


You could see 2 wights.

Vanquished Creatures
  2 ogres
  2 centaurs
  3 scorpions
  A wight (D:6)
  4 hounds
  2 orc priests
  Natasha (thrice) (D:4)
  3 iguanas
  3 orc wizards (D:4)
  Robin (D:4)
  9 gnolls
  11 adders
  A white imp (D:6)
  2 ufetubi (D:5)
  A worm (D:4)
  2 dart slugs
  20 orcs
  2 bats
  5 endoplasms
  14 giant cockroaches
  14 goblins
  10 hobgoblins
  2 jackals (D:1)
  A quokka (D:3)
  5 ball pythons (D:4)
  7 frilled lizards
  3 kobolds
  3 rats (D:1)
136 creatures vanquished.

Notes
Turn   | Place    | Note
-------+----------+-------------------------------------------
     0 | D:1      | tardwrangler69 the Octopode Earth Elementalist began the
                  | quest for the Orb.
     0 | D:1      | Reached XP level 1. HP: 11/11 MP: 3/3
   281 | D:1      | Reached XP level 2. HP: 17/17 MP: 3/5
   919 | D:1      | Reached XP level 3. HP: 21/21 MP: 4/6
  1313 | D:2      | Found a faded altar of an unknown god.
  1338 | D:2      | Reached skill level 4 in Earth Magic
  1338 | D:2      | Reached XP level 4. HP: 27/27 MP: 6/8
  1983 | D:3      | Identified the +12 war axe of Ru's Generosity {freeze, rF+}
  2827 | D:4      | Reached XP level 5. HP: 29/31 MP: 10/10
  2944 | D:4      | Reached skill level 5 in Earth Magic
  2945 | D:4      | Reached XP level 6. HP: 36/36 MP: 3/12
  3359 | D:4      | Noticed Robin
  3363 | D:4      | Killed Robin
  3802 | D:4      | Noticed Natasha
  3811 | D:4      | Killed Natasha
  3812 | D:4      | Reached XP level 7. HP: 38/41 MP: 8/14
  3898 | D:4      | Reached skill level 5 in Spellcasting
  3898 | D:4      | HP: 2/41 [orc/+0 trident (7)]
  4244 | D:4      | Noticed Natasha
  4249 | D:4      | Killed Natasha
  4329 | D:4      | Noticed Natasha
  4334 | D:4      | Killed Natasha
  4335 | D:4      | Reached skill level 6 in Earth Magic
  4407 | D:5      | Entered Level 5 of the Dungeon
  4637 | D:5      | HP: 2/41 [centaur/arrow (5)]
  5265 | D:5      | Reached XP level 8. HP: 46/46 MP: 14/17
  5337 | D:5      | Reached skill level 7 in Earth Magic
  5376 | D:5      | Found a staircase to the Ecumenical Temple.
  5470 | D:5      | Found a bloodstained altar of Trog.
  5473 | D:5      | Found a hide-covered altar of Uskayaw.
  5476 | D:5      | Found a hazy altar of Hepliaklqana.
  5892 | D:6      | Found a runed translucent door.
  5894 | D:6      | Found a runed translucent door.
  6135 | D:6      | Slain by a wight

Illustrated notes

Levels and vault maps discovered:
D:1:      zelgadis_glass_arrival_small, layout_basic,
          chequers_serial_rivers_micro_b, serial_bayou_pond_a, minivault_19
D:2:      layout_basic, dreamdust_ecumenical_altar_grove,
          palyth_stone_intersect, minmay_pentomino_t2
D:3:      minmay_roachtagon, layout_basic
D:4:      layout_gridville, uniq_robin, uniq_natasha
D:5:      layout_cave_pools, minmay_overflow_temple_star_quad,
          minmay_temple_entry_waves
D:6:      lemuel_insect_pit, layout_basic, serial_shops,
          nicolae_shop_hallway_plus

Skill      XL: |  1  2  3  4  5  6  7  8 |
---------------+-------------------------+-----
Spellcasting   | 3 4 6 |  6.8
Earth Magic    | 4 5 6 7 |  7.8
Dodging        | |  2.0
Stealth        | |  2.6
Transmutations | |  1.0

Action                   |  1- 3 |  4- 6 |  7- 9 || total
-------------------------+-------+-------+-------++-------
Melee: Unarmed           |     2 |       |       ||     2
       Constrict         |     1 |     5 |     1 ||     7
       Tentacles         |     1 |     1 |     1 ||     3
       War axe           |       |    26 |     4 ||    30
 Cast: Sandblast         |    38 |    75 |    87 ||   200
  Use: Potion            |       |     1 |     3 ||     4
 Stab: Sleeping          |       |     2 |       ||     2
Armor: Skin              |     2 |    12 |    21 ||    35
Dodge: Dodged            |     6 |    39 |    69 ||   114
